[Event "Vienna Championship-B 2022"]
[Site "Vienna"]
[Date "2022.09.18"]
[Round "2.2"]
[White "Wagner, Leopold Franziskus"]
[Black "Deak-Sala, Emilia"]
[Result "1-0"]
[ECO "B20"]
[WhiteElo "2201"]
[BlackElo "1787"]
[Annotator "TA"]
[PlyCount "47"]
[EventDate "2022.09.17"]
[EventType "swiss"]
[EventCountry "AUT"]
[SourceTitle "playchess.com"]
[Source "ChessBase"]
[SourceQuality "1"]
[TimeControl "5400+30"]

1. e4 c5 2. b3 Nc6 3. Bb2 d6 4. Bb5 Bd7 5. f4 e6 6. Nf3 {[%emt 0:00:15] B20: Sicilian: Unusual White 2nd moves.} Qb6 7. c4 O-O-O 8. O-O {[%emt 0:02:43] [#] White is slightly better.} Nge7 $146 ({Predecessor:} 8... Nf6 9. d3 Be7 10. Nbd2 Ng4 11. Qe2 Bf6 12. e5 dxe5 13. fxe5 Be7 14. Ne4 Nb4 {1-0 (34) Souleidis,G (2384)-Schoene,M (2236) Erfurt 2014}) 9. Kh1 h6 (9... Kb8 $14) 10. d4 $16 f5 11. Bxc6 Bxc6 12. d5 Bd7 13. exf5 (13. dxe6 $16 Bxe6 14. exf5 Bxc4 15. Re1) 13... Nxf5 (13... exd5 $14 {is superior.} 14. f6 gxf6) 14. dxe6 Bxe6 15. Nc3 d5 16. cxd5 ({But not} 16. Nxd5 $6 Bxd5 17. cxd5 Ne3 $11) 16... Ne3 (16... Bxd5 {keeps fighting.} 17. Nxd5 Qc6) 17. Qe2 Nxd5 18. Na4 Qd6 {[%emt 0:00:00] [#]} (18... Qa6 $16 {is a better defense.} 19. Qxa6 bxa6) 19. Ne5 Nc7 20. Rad1 {[%emt 0:02:25] Inhibits Qd2.} Bd5 21. Nf7 {[%emt 0:02:49] Pair of Knights!} Qc6 (21... Bxf7 22. Rxd6 Bxd6 23. Qg4+ Be6) 22. Nxh8 {[%emt 0:00:42] White is clearly winning.} Re8 23. Qg4+ Be6 24. f5 {[%emt 0:00:09] Black got outplayed after the opening.  Weighted Error Value: White=0.24 (precise) /Black=0.55} 1-0

[Event "Vienna Championship-B 2022"]
[Site "Vienna"]
[Date "2022.09.18"]
[Round "2.3"]
[White "Ginther, Tobias"]
[Black "Bonk, Andras"]
[Result "0-1"]
[ECO "B33"]
[WhiteElo "1766"]
[BlackElo "2175"]
[Annotator "TA"]
[PlyCount "77"]
[EventDate "2022.09.17"]
[EventType "swiss"]
[EventCountry "AUT"]
[SourceTitle "playchess.com"]
[Source "ChessBase"]
[SourceQuality "1"]
[TimeControl "5400+30"]

1. e4 c5 2. Nf3 Nc6 3. d4 cxd4 4. Nxd4 Nf6 5. Nc3 e6 6. Ndb5 d6 7. Bf4 e5 8. Bg5 a6 9. Na3 b5 10. Nd5 Be7 11. Bxf6 Bxf6 12. c4 b4 {[%emt 0:01:17] 12...0-0 might become the main line. B33: Sicilian: Pelikan and Sveshnikov Variations.} 13. Nc2 O-O 14. Ncxb4 Nxb4 {[%emt 0:00:40] The position is equal.} 15. Nxb4 Qb6 16. Nd5 Qxb2 17. Be2 Bd8 18. O-O {[%emt 0:03:18] [#]} Qa3 $146 ({Predecessor:} 18... Be6 19. c5 dxc5 20. Bc4 Bg5 21. g3 Qd4 22. Qe2 Qd2 23. Rfd1 {½-½ (22) Betker,J (2454)-Serner,A (2417) ICCF email 2019}) 19. Qd2 Be6 20. Rfd1 Rb8 21. Rab1 Ba5 22. Qc2 Qc5 23. Qd3 g6 24. h4 Kg7 25. Ne3 Rxb1 26. Rxb1 Bb6 27. Rd1 (27. h5 $11) 27... Qa5 $17 28. Nd5 ({Not} 28. Qxd6 $2 Rd8 29. Qe7 Rxd1+ 30. Bxd1 Qe1+ 31. Kh2 Bxe3 32. fxe3 Qxd1 $19) 28... Bd4 29. Qb3 Qc5 30. Qf3 f5 {[%emt 0:01:58] [#] Hoping for ...fxe4.} 31. Rb1 (31. Ne3 $17 {might work better.}) 31... Rf7 ({Black should play} 31... Qa7 $19 {And now ...fxe4 would win.} 32. Ne3 f4) 32. Ne3 h5 {[%emt 0:07:30] Black is more active.} (32... Qa5 $17 33. a3 (33. exf5 Bxf5 34. Rb7 Bd7 $19) 33... fxe4 34. Qxe4 Qxa3) 33. Rb3 (33. exf5 $1 $15 Bxf5 34. Rb7 (34. Nxf5+ Rxf5 35. Qa8 Bxf2+ 36. Kh2 Qe3 $17)) 33... f4 (33... Qa5 $19 {and Black stays clearly on top. Threatens to win with ...fxe4.} 34. Kh2 (34. exf5 $2 Bxf5 35. Rb7 Bd7 $17) 34... f4 35. Nf5+ gxf5 36. Qxh5 Qd8) 34. Nd5 $2 (34. Nc2 $17) 34... Bg4 $19 35. Qd3 Bxf2+ {[%emt 0:00:18] This bishop pair is nice.} 36. Kh1 Bxh4 {[%emt 0:01:10] [#] Strongly threatening ...Qf2.} 37. Qd1 Qf2 38. Rb2 f3 39. gxf3 {[%emt 0:01:28] Weighted Error Value: White=0.48/Black=0.21 (precise)} 0-1

[Event "Vienna Championship-B 2022"]
[Site "Vienna"]
[Date "2022.09.18"]
[Round "2.4"]
[White "Zetthofer, Gerald"]
[Black "Krejcar, Walter"]
[Result "1-0"]
[ECO "D94"]
[WhiteElo "2153"]
[BlackElo "1770"]
[Annotator "TA"]
[PlyCount "83"]
[EventDate "2022.09.17"]
[EventType "swiss"]
[EventCountry "AUT"]
[SourceTitle "playchess.com"]
[Source "ChessBase"]
[SourceQuality "1"]
[TimeControl "5400+30"]

1. d4 d5 2. Nf3 Nf6 3. c4 c6 4. Nc3 g6 5. e3 Bg7 6. Bd3 dxc4 7. Bxc4 O-O 8. O-O Nd5 9. Qb3 {[%emt 0:01:37][%cal Rc3d5] D94: Grünfeld: 4 Nf3 Bg7 5 e3.} e6 10. Rd1 {[%emt 0:02:18] [#]} b5 $146 ({Predecessor:} 10... Nd7 11. e4 Nxc3 12. bxc3 b5 13. Be2 Bb7 14. a4 a6 15. Bf4 Nf6 16. Bg5 Qc7 17. Bxf6 Bxf6 {1-0 (55) Topolovsky,V (1937)-Mikulec,M (1781) Slovakia 2014}) 11. Be2 {[%emt 0:01:29] White is better.} a5 12. e4 a4 13. Qc2 Nb6 14. a3 Ra7 (14... Bb7 $16) 15. Be3 Rb7 16. Rac1 Qe7 17. e5 Nd5 18. Ne4 Bd7 (18... Nxe3 $16 19. fxe3 Rb6) 19. Qd2 (19. Bg5 $18 f6 20. exf6 Bxf6 21. Nxf6+ Nxf6 22. Ne5) 19... Nxe3 $16 20. Qxe3 Na6 21. Nd6 Rbb8 22. Ng5 ({White should play} 22. Ne1) 22... Nc7 23. Nge4 {[%emt 0:00:47] White is much more active.} Nd5 24. Qd2 {[%emt 0:00:38] White leaves nothing to chance now.} f6 {[%emt 0:05:51] [#]} 25. f4 (25. exf6 Nxf6 26. Nxf6+ Rxf6 $14) 25... fxe5 (25... Rbd8 $142) 26. fxe5 Qh4 {[%emt 0:05:21] [#]} (26... h5 $16) 27. g3 $1 $18 Qd8 28. Nc5 {[%emt 0:02:39] Pair of Knights!} (28. Rf1 Qb6 29. Bf3 Ne7) 28... h5 (28... Ne7 $142 29. Bg4 Nf5) 29. Rf1 {[%emt 0:00:41] Black must now prevent Rxf8+.} Qe7 30. Bd3 Kh7 (30... Rf5 {might work better.} 31. Bxf5 exf5) 31. Nxd7 ({Weaker is} 31. Bxg6+ Kxg6 32. Qc2+ (32. Nxd7 Qxd7 33. Qc2+ Kh6 $17) 32... Kh6 33. Qd2+ (33. Rce1 Be8 $17) 33... Kh7 34. Qc2+ (34. Qe2 $2 Be8 $19) 34... Kg8 $17) 31... Qxd7 32. Qg5 Ne7 33. Qxh5+ Kg8 $2 (33... Bh6 34. Rxf8 Rxf8) 34. Bxg6 Nxg6 35. Qxg6 Qa7 36. Qxe6+ Kh8 37. Qg4 Bh6 38. Rce1 c5 39. Qg6 Rxf1+ 40. Rxf1 {[%emt 0:00:23] White wants to mate with Rf7.} Be3+ 41. Kg2 Qa8+ 42. Kh3 {[%emt 0:00:32] Weighted Error Value: White=0.18 (very precise) /Black=0.50} 1-0

[Event "Vienna Championship-B 2022"]
[Site "Vienna"]
[Date "2022.09.18"]
[Round "2.5"]
[White "Anastasakis, Georgios"]
[Black "Prummer, Sebastian"]
[Result "1-0"]
[ECO "C54"]
[WhiteElo "1893"]
[BlackElo "1762"]
[Annotator "NA COMBH"]
[PlyCount "125"]
[EventDate "2022.09.17"]
[EventType "swiss"]
[EventCountry "AUT"]
[SourceTitle "playchess.com"]
[Source "ChessBase"]
[SourceQuality "1"]
[TimeControl "5400+30"]

1. e4 e5 2. Nf3 Nc6 3. Bc4 Bc5 4. c3 Nf6 5. d3 d6 6. Bb3 O-O 7. O-O Bg4 8. h3 Bh5 9. Re1 Bb6 10. Nbd2 Nd7 11. Nf1 Nc5 12. Bc2 Ne6 13. Ng3 Bg6 14. b4 a6 15. a3 Qf6 16. Ra2 Nf4 17. Bb3 Nd8 18. Be3 Nde6 19. d4 Rae8 20. d5 Ng5 21. Nxg5 Qxg5 22. c4 Bxe3 23. Rxe3 h5 24. Qf1 h4 25. Ne2 f5 26. exf5 Bxf5 27. Kh2 Rf6 28. Nxf4 Qxf4+ 29. Kh1 e4 30. Rae2 Rg6 31. Bc2 a5 32. f3 Rf8 33. Bxe4 Bxe4 34. Rxe4 Qf6 35. Re6 Qg5 36. Rxg6 Qxg6 37. Qe1 Qd3 38. Re4 Qxa3 39. bxa5 Qa4 40. Rxh4 Re8 41. Qc3 Qd1+ 42. Kh2 Re1 43. Rg4 Rh1+ 44. Kg3 Qe1+ 45. Qxe1 Rxe1 46. Re4 Rc1 47. Re8+ Kf7 48. Rb8 Rxc4 49. Rxb7 Ke8 50. a6 Kd7 51. a7 Ra4 52. f4 Ke7 53. Rxc7+ Kf6 54. Kf3 g5 55. fxg5+ Kxg5 56. Ke3 Kf5 57. Kd3 Ke5 58. Kc3 Kxd5 59. Kb3 Ra1 60. Kb4 Ke4 61. Kb5 d5 62. Kb6 d4 63. Rc5 1-0

[Event "Vienna Championship-B 2022"]
[Site "Vienna"]
[Date "2022.09.18"]
[Round "2.6"]
[White "Hirsch, Adolf Jun."]
[Black "Andresen, Erik"]
[Result "0-1"]
[ECO "E63"]
[WhiteElo "1731"]
[BlackElo "1879"]
[Annotator "NA COMBH"]
[PlyCount "64"]
[EventDate "2022.09.17"]
[EventType "swiss"]
[EventCountry "AUT"]
[SourceTitle "playchess.com"]
[Source "ChessBase"]
[SourceQuality "1"]
[TimeControl "5400+30"]

1. Nf3 d6 2. d4 Nf6 3. g3 g6 4. Bg2 Bg7 5. O-O O-O 6. c4 Nc6 7. Nc3 a6 8. b3 Rb8 9. e4 Bg4 10. Be3 e5 11. Qd3 Bxf3 12. Bxf3 exd4 13. Bxd4 Nxd4 14. Qxd4 Nxe4 15. Qxe4 Bxc3 16. Rad1 Re8 17. Qd3 Be5 18. h4 c6 19. Kg2 h5 20. Rh1 Kg7 21. g4 hxg4 22. Bxg4 Rh8 23. Bf3 Rxh4 24. Rxh4 Qxh4 25. Rh1 Qg5+ 26. Kf1 Re8 27. Rg1 Qf6 28. Be4 Bd4 29. Rg2 Qe5 30. Rg4 f5 31. Bxf5 Qe1+ 32. Kg2 Qxf2+ 0-1

[Event "Vienna Championship-B 2022"]
[Site "Vienna"]
[Date "2022.09.18"]
[Round "2.7"]
[White "Bytyqi, Kujtim"]
[Black "Marinovic, Sara"]
[Result "1-0"]
[ECO "C78"]
[WhiteElo "1862"]
[BlackElo "1384"]
[Annotator "NA COMBH"]
[PlyCount "101"]
[EventDate "2022.09.17"]
[EventType "swiss"]
[EventCountry "AUT"]
[SourceTitle "playchess.com"]
[Source "ChessBase"]
[SourceQuality "1"]
[TimeControl "5400+30"]

1. e4 e5 2. Nf3 Nc6 3. Bb5 a6 4. Ba4 Nf6 5. O-O b5 6. Bb3 Bc5 7. c3 d6 8. d4 Bb6 9. dxe5 Nxe5 10. Nxe5 dxe5 11. Qxd8+ Kxd8 12. Bxf7 Bb7 13. Rd1+ Ke7 14. Bd5 Bxd5 15. exd5 Ng4 16. Bg5+ Kd6 17. Bh4 Rhf8 18. Rd2 g5 19. Bg3 h5 20. h4 gxh4 21. Bxh4 Nxf2 22. Rxf2 Bxf2+ 23. Bxf2 Kxd5 24. Na3 Rf7 25. c4+ bxc4 26. Rd1+ Ke6 27. Nxc4 e4 28. Rd4 Rf4 29. Bg3 Rg4 30. Bxc7 e3 31. Rd6+ Ke7 32. Nxe3 Re4 33. Nd5+ Kf7 34. Ba5 Rd4 35. Bc3 Rd1+ 36. Kf2 Rf8 37. Rf6+ Ke8 38. Nc7+ Ke7 39. Rxf8 Kxf8 40. Nxa6 Ke7 41. a4 Kd6 42. a5 Kc6 43. Nb4+ Kb5 44. Nc2 Rd8 45. Kg3 Rg8+ 46. Kf3 Re8 47. Nd4+ Ka6 48. b4 Re7 49. b5+ Kb7 50. a6+ Kb6 51. Ba5+ 1-0

[Event "Vienna Championship-B 2022"]
[Site "Vienna"]
[Date "2022.09.18"]
[Round "2.9"]
[White "Nemetz, Markus"]
[Black "Onipko, Mark"]
[Result "1-0"]
[ECO "D35"]
[WhiteElo "1830"]
[BlackElo "1507"]
[Annotator "NA COMBH"]
[PlyCount "71"]
[EventDate "2022.09.17"]
[EventType "swiss"]
[EventCountry "AUT"]
[SourceTitle "playchess.com"]
[Source "ChessBase"]
[SourceQuality "1"]
[TimeControl "5400+30"]

1. d4 d5 2. c4 e6 3. Nc3 Nf6 4. cxd5 exd5 5. Bg5 Be7 6. e3 O-O 7. Bd3 c6 8. Nge2 Bg4 9. O-O Bh5 10. Qb3 Qd7 11. Nf4 Bg6 12. Nxg6 fxg6 13. e4 Rf7 14. Bxf6 Bxf6 15. exd5 Bxd4 16. dxc6 Nxc6 17. Bc4 Raf8 18. Bxf7+ Rxf7 19. Nb5 Bc5 20. Kh1 h6 21. Rad1 Qf5 22. Rd5 Qf4 23. Rxc5 Kh7 24. Qd5 Rf5 25. Qc4 Qxc4 26. Rxc4 Rxb5 27. Rc2 Rd5 28. a3 Ne5 29. h3 b5 30. b3 a6 31. f4 Nd7 32. b4 Rd6 33. Rfc1 Rd4 34. Rc7 Nf6 35. R1c6 h5 36. Rxf6 1-0

[Event "Vienna Championship-B 2022"]
[Site "Vienna"]
[Date "2022.09.18"]
[Round "2.10"]
[White "Stinner, David"]
[Black "Pantelic, Slobodan"]
[Result "1-0"]
[ECO "E90"]
[WhiteElo "1823"]
[BlackElo "1596"]
[Annotator "NA COMBH"]
[PlyCount "99"]
[EventDate "2022.09.17"]
[EventType "swiss"]
[EventCountry "AUT"]
[SourceTitle "playchess.com"]
[Source "ChessBase"]
[SourceQuality "1"]
[TimeControl "5400+30"]

1. d4 c5 2. d5 Nf6 3. c4 d6 4. Nc3 g6 5. e4 Bg7 6. Bd3 O-O 7. h3 a6 8. Nf3 Nbd7 9. O-O Ne8 10. Qc2 Ne5 11. Nxe5 Bxe5 12. Be3 Bd7 13. a4 Rb8 14. a5 Nc7 15. f4 Bg7 16. Ra3 b5 17. axb6 Rxb6 18. b3 Qb8 19. e5 Qb7 20. Be4 Rb8 21. Rb1 Be8 22. Bxc5 dxc5 23. d6 Bc6 24. Bxc6 Qxc6 25. dxc7 Rc8 26. Nd5 Rxc7 27. Nxb6 Qxb6 28. Qd2 Qc6 29. Qd5 Bf8 30. Qxc6 Rxc6 31. Rd1 e6 32. Rd8 Rb6 33. Kf2 a5 34. Rxa5 Kg7 35. Rd3 h5 36. Ra7 g5 37. fxg5 Kg6 38. Rf3 Kxg5 39. Raxf7 Rb8 40. Rxf8 Rb6 41. Rg8+ Kh6 42. h4 Rb7 43. Rfg3 Kh7 44. Rc8 Rf7+ 45. Ke2 Rf5 46. Rxc5 Rf4 47. b4 Rxh4 48. b5 Re4+ 49. Kd3 Re1 50. b6 1-0

[Event "Vienna Championship-B 2022"]
[Site "Vienna"]
[Date "2022.09.18"]
[Round "2.11"]
[White "Kern, Julian"]
[Black "Gratze, Michael"]
[Result "0-1"]
[ECO "E71"]
[WhiteElo "1694"]
[BlackElo "1954"]
[Annotator "TA"]
[PlyCount "104"]
[EventDate "2022.09.17"]
[EventType "swiss"]
[EventCountry "AUT"]
[SourceTitle "playchess.com"]
[Source "ChessBase"]
[SourceQuality "1"]
[TimeControl "5400+30"]

1. d4 Nf6 2. c4 g6 3. Nc3 Bg7 4. e4 d6 5. h3 Nbd7 6. Be3 {[%emt 0:00:55] E71: King's Indian: 4 e4 d6 5 h3.} e5 7. d5 Nc5 8. f3 {[%emt 0:02:19] White is slightly better.} Nh5 9. Nge2 {[%emt 0:02:33] [#] Inhibits Ng3.} a5 $146 ({Predecessor:} 9... O-O 10. Qd2 f5 11. exf5 gxf5 12. g4 Nf4 13. O-O-O Nfd3+ 14. Kb1 f4 15. Bxc5 Nxc5 {0-1 (34) Anton Guijarro,D (2675)-Firouzja,A (2749) chess24.com INT 2020}) 10. Qd2 O-O 11. g4 Nf4 12. Nxf4 exf4 13. Bxf4 Qh4+ 14. Qf2 Qe7 15. O-O-O a4 $1 16. Qd2 a3 {[%emt 0:00:20] Strongly threatening ...axb2+.} 17. b3 (17. b4 $14 Na4 18. Nxa4 Rxa4 19. Kc2) 17... Qf6 (17... f5 $11 18. gxf5 Kh8) 18. Kc2 $16 Na6 {[%emt 0:01:17][%cal Bc5a6,Ba6b4,Bb4a2][%mdl 32] Hoping for ...Nb4+.} 19. Rc1 $1 Nb4+ {[%emt 0:00:51] [#]} 20. Kd1 $4 (20. Kb1 $1 $18) 20... g5 $1 $36 {[%emt 0:00:31][%mdl 2048] Keeping White busy.} 21. Ne2 Nxa2 22. Qxa2 gxf4 23. Rh2 (23. h4 $142) 23... Bd7 24. Nc3 Qd4+ 25. Qd2 $2 (25. Rd2 Qc5 26. Be2) 25... Qxd2+ (25... Qg1 $142 26. Kc2 a2) 26. Kxd2 {[%emt 0:00:42] [#]} Ra7 ({Black should try} 26... a2 $1 $19 27. Ra1 Ra3 28. Rxa2 Rxb3) 27. Kd3 $15 Rfa8 28. Ra2 $1 c6 29. h4 b5 30. dxc6 bxc4+ 31. bxc4 Bxc6 {[%emt 0:00:05] A strong pair of Bishops.} 32. Nb5 (32. Rb1 $11 {keeps the balance.}) 32... Bxb5 (32... Ra4 $17) 33. cxb5 $11 Bb2 34. Rb1 ({Better is} 34. Rc6 $11) 34... Ra4 $15 35. Kc2 Rb4 {[%emt 0:02:13] Black is more active.} 36. Rbxb2 Rxb2+ 37. Rxb2 axb2 38. Kxb2 $17 {[%emt 0:00:09][%mdl 4096] Endgame KR-KB} Kf8 39. Bd3 h6 40. Kb3 Ke7 41. Kb4 Kd7 (41... Ra2 $17 {And now ...Rf2 would win.} 42. e5 dxe5) 42. g5 $2 (42. Bc4 $11 {and White is okay.}) 42... hxg5 $19 43. hxg5 Rg8 44. Bc4 Rxg5 {[%emt 0:00:07] White must now prevent ...Rg3.} 45. Bxf7 Rg3 46. Bh5 Kc7 47. Kc4 Kb6 48. Kd5 $2 (48. Bg4 $17) 48... Rg5+ {[%emt 0:00:16] Black mates.} 49. Kxd6 Rxh5 50. e5 Rh3 51. Kd5 Rxf3 52. Ke4 Rf1 {[%emt 0:00:07] Never resign too early!  Weighted Error Value: White=0.42/Black=0.28 (precise)} 0-1

[Event "Vienna Championship-B 2022"]
[Site "Vienna"]
[Date "2022.09.18"]
[Round "2.13"]
[White "Iehl, William"]
[Black "Mayrhuber, Franz"]
[Result "1-0"]
[ECO "D06"]
[WhiteElo "1781"]
[BlackElo "1718"]
[Annotator "NA COMBH"]
[PlyCount "93"]
[EventDate "2022.09.17"]
[EventType "swiss"]
[EventCountry "AUT"]
[SourceTitle "playchess.com"]
[Source "ChessBase"]
[SourceQuality "1"]
[TimeControl "5400+30"]

1. Nf3 d5 2. c4 Nf6 3. cxd5 Nxd5 4. e4 Nb6 5. d4 Bg4 6. Be2 e6 7. O-O Be7 8. Nc3 O-O 9. Be3 c6 10. Rc1 N8d7 11. e5 Nd5 12. Ne4 N7b6 13. Nc5 Qc7 14. Qd2 Rfd8 15. Rfd1 Nxe3 16. Qxe3 Nd5 17. Qb3 Rab8 18. Qa4 Bxc5 19. Rxc5 Nf4 20. Kf1 Qe7 21. a3 a6 22. b4 h6 23. Qc2 Bf5 24. Qc3 Rd7 25. Bc4 Rbd8 26. g3 Ng6 27. a4 Bg4 28. Kg2 Bxf3+ 29. Kxf3 Qg5 30. Kg2 Qg4 31. f3 Qg5 32. b5 axb5 33. axb5 Nf4+ 34. Kf2 Nd5 35. Bxd5 cxd5 36. Ra1 Rb8 37. Ra7 Qd8 38. Ra2 Kf8 39. Rc2 Ke7 40. Rc7 g6 41. b6 h5 42. h3 Ke8 43. Qe3 Ke7 44. Qf4 Qe8 45. Rxd7+ Kxd7 46. Rc7+ Kd8 47. Qf6+ 1-0

[Event "Vienna Championship-B 2022"]
[Site "Vienna"]
[Date "2022.09.18"]
[Round "2.14"]
[White "Wickramasinghe, Nathaniel"]
[Black "Pavlov, Alexander"]
[Result "0-1"]
[ECO "C50"]
[WhiteElo "1760"]
[BlackElo "1751"]
[Annotator "NA COMBH"]
[PlyCount "128"]
[EventDate "2022.09.17"]
[EventType "swiss"]
[EventCountry "AUT"]
[SourceTitle "playchess.com"]
[Source "ChessBase"]
[SourceQuality "1"]
[TimeControl "5400+30"]

1. e4 e5 2. Nf3 Nc6 3. Bc4 Bc5 4. O-O Nf6 5. d4 Bxd4 6. Nxd4 Nxd4 7. Bg5 d6 8. f4 Be6 9. fxe5 dxe5 10. Bxe6 Nxe6 11. Bxf6 Qxd1 12. Rxd1 gxf6 13. Nc3 O-O 14. Nd5 Kg7 15. Rd3 Nf4 16. Nxf4 exf4 17. Rf1 Rad8 18. Rxf4 Rxd3 19. cxd3 Rd8 20. Rf3 Rd6 21. Kf2 Rb6 22. b3 Ra6 23. a4 Rb6 24. d4 Rb4 25. Rc3 Rxd4 26. Rxc7 Rb4 27. Rc3 Rxe4 28. Kf3 f5 29. Rc5 Rb4 30. Rb5 Rxb5 31. axb5 Kf6 32. Kf4 h6 33. h4 Ke6 34. g3 a6 35. b6 a5 36. h5 Kf6 37. Ke3 Ke5 38. Kf3 Kd4 39. Kf4 Kc3 40. Kxf5 Kxb3 41. g4 f6 42. Kg6 a4 43. Kxh6 a3 44. Kg7 a2 45. h6 a1=Q 46. Kg8 Qd4 47. h7 Qxg4+ 48. Kh8 Qh5 49. Kg7 f5 50. h8=Q Qxh8+ 51. Kxh8 f4 52. Kg7 f3 53. Kf6 f2 54. Ke5 f1=Q 55. Kd6 Qc4 56. Kd7 Qc6+ 57. Kd8 Qxb6+ 58. Kc8 Qc6+ 59. Kb8 b5 60. Ka7 Kb4 61. Kb8 Qd7 62. Ka8 Kc5 63. Kb8 Kb6 64. Ka8 Qb7# 0-1

[Event "Vienna Championship-B 2022"]
[Site "Vienna"]
[Date "2022.09.20"]
[Round "4.1"]
[White "Wagner, Leopold Franziskus"]
[Black "Bonk, Andras"]
[Result "1/2-1/2"]
[ECO "B20"]
[WhiteElo "2201"]
[BlackElo "2175"]
[Annotator "TA"]
[PlyCount "47"]
[EventDate "2022.09.17"]
[EventType "swiss"]
[EventCountry "AUT"]
[SourceTitle "playchess.com"]
[Source "ChessBase"]
[SourceQuality "1"]
[TimeControl "5400+30"]

1. e4 c5 2. b3 Nc6 3. Bb2 Nf6 4. e5 Nd5 5. Bc4 Nc7 6. Nf3 {[%emt 0:01:21] B20: Sicilian: Unusual White 2nd moves.} Ne6 {[%emt 0:09:28] [#]} (6... d5 {is superior.} 7. exd6 exd6) 7. c3 $146 ({Predecessor:} 7. Nc3 g6 8. Ne4 b6 9. Nfg5 Bg7 10. Nxf7 Kxf7 11. Qf3+ Ke8 12. Bxe6 Rf8 13. Qh3 dxe6 14. Qxh7 Bxe5 15. Qxg6+ {0-1 (34) Kapusta,P (2130)-Bares,J (2103) Valasska Bystrice 2022}) 7... d5 8. exd6 exd6 9. d4 {[%emt 0:08:58] [#] aiming for d5.} d5 10. Bb5 a6 11. Bxc6+ bxc6 12. O-O Qb6 (12... Bd6 {feels stronger.}) 13. Nbd2 Be7 14. dxc5 Bxc5 15. b4 O-O 16. Nb3 Be7 17. Re1 Bf6 18. a3 c5 19. Qxd5 Bb7 20. Qf5 cxb4 21. axb4 Rac8 22. Nfd4 (22. Ne5 $5 ) 22... Nxd4 23. Nxd4 Rfd8 24. Rad1 {[%emt 0:02:13] An interesting draw.  Weighted Error Value: White=0.14 (very precise) /Black=0.16 (very precise)} 1/2-1/2

[Event "Vienna Championship-B 2022"]
[Site "Vienna"]
[Date "2022.09.20"]
[Round "4.3"]
[White "Zetthofer, Gerald"]
[Black "Obenaus, Paul"]
[Result "1/2-1/2"]
[ECO "A30"]
[WhiteElo "2153"]
[BlackElo "1825"]
[Annotator "TA"]
[PlyCount "55"]
[EventDate "2022.09.17"]
[EventType "swiss"]
[EventCountry "AUT"]
[SourceTitle "playchess.com"]
[Source "ChessBase"]
[SourceQuality "1"]
[TimeControl "5400+30"]

1. Nf3 Nf6 2. c4 e6 3. e3 c5 4. b3 b6 5. Bb2 Bb7 6. Be2 Be7 7. O-O O-O 8. Nc3 Nc6 9. Rc1 d5 10. cxd5 Nxd5 11. d4 cxd4 {[%emt 0:01:59] A30: Symmetrical English: Double Fianchetto and Hedgehog.} 12. Nxd5 Qxd5 13. Bc4 {[%emt 0:04:19] [#]} Qf5 $146 {[%emt 0:05:50] Black is slightly better.} ({Predecessor:} 13... Qa5 14. Nxd4 Nxd4 15. Bxd4 Qg5 16. g3 Ba3 17. Rc2 Rad8 18. Qe2 Qf5 19. f3 e5 {½-½ (30) Antoms,G (2350)-Aleksandrov,A (2619) Liepaja 2015}) 14. Nxd4 (14. Bd3 $5 Qd5 15. Bc4 $15) 14... Nxd4 15. Bxd4 ({But not} 15. Qxd4 Bf6 16. Qd2 Rfd8 $17) 15... Ba3 {[%emt 0:01:55] [#] ...Qg5 is the strong threat.} 16. Rc2 $1 Be4 17. Rd2 Qg5 18. f3 Bc6 19. Qe2 Rfd8 20. f4 Qh4 21. f5 Bd6 22. h3 Qg3 {[%emt 0:01:03] [#] ( -> ...Qh2+)} 23. Qg4 Qxg4 {[%emt 0:05:26] The position is equal.} 24. hxg4 e5 {[%emt 0:02:02] And now ...Bb4 would win.} 25. Bc3 {[%emt 0:01:54] Inhibits Bb4.} Bc5 26. Rxd8+ Rxd8 27. Kf2 b5 28. Be2 {[%emt 0:00:32] Weighted Error Value: White=0.06 (flawless) /Black=0.08 (flawless)} 1/2-1/2

[Event "Vienna Championship-B 2022"]
[Site "Vienna"]
[Date "2022.09.20"]
[Round "4.4"]
[White "Schwabeneder, Alois"]
[Black "Andresen, Erik"]
[Result "1/2-1/2"]
[ECO "A05"]
[WhiteElo "1911"]
[BlackElo "1879"]
[Annotator "TA"]
[PlyCount "48"]
[EventDate "2022.09.17"]
[EventType "swiss"]
[EventCountry "AUT"]
[SourceTitle "playchess.com"]
[Source "ChessBase"]
[SourceQuality "1"]
[TimeControl "5400+30"]

1. e4 c5 2. Nf3 d6 3. g3 Nf6 4. d3 g6 5. Bg2 Bg7 6. O-O O-O 7. Re1 Nc6 8. c3 e5 9. Nbd2 {[%emt 0:04:35] 9.a4 is a critical line.} h6 10. Nf1 {[%emt 0:00:30] A05: Réti Opening: 1 Nf3 Nf6.} Be6 11. d4 cxd4 12. cxd4 {[%emt 0:00:29] Black has an edge.} Bg4 13. dxe5 {[%emt 0:01:49] [#]} (13. d5 $5 Nd4 14. Ne3 Bxf3 15. Bxf3 $11) 13... Nxe5 $146 (13... dxe5 $5 14. Bd2 Nd4 $15) ({Predecessor:} 13... dxe5 14. Qxd8 Rfxd8 15. h3 Bxf3 16. Bxf3 Nd4 17. Bd1 Rac8 18. Nh2 Bf8 19. Nf3 Bb4 {0-1 (26) Charland,R (1570)-Gagnon,F (2030) Gatineau 2006}) 14. Qb3 Nxf3+ 15. Bxf3 Bxf3 16. Qxf3 Re8 17. Bd2 Qe7 18. Bb4 (18. Qd1 $11) 18... a5 19. Bc3 Nxe4 20. Bxg7 Kxg7 21. Qd3 Nc5 $36 {[%emt 0:01:00][%mdl 2048] Black is more active.} 22. Rxe7 (22. Qc3+ $15 {might be stronger.} Qf6 23. Qxf6+ Kxf6 24. Ne3) 22... Nxd3 $17 {[%emt 0:00:11] Black is better.} 23. Rxb7 Re2 24. Rd1 Rxb2 {[%emt 0:08:22] Weighted Error Value: White=0.23 (precise) /Black=0.10 (very precise)} (24... Nxf2 $17 25. Rxd6 Nh3+ 26. Kh1 Nf2+ 27. Kg1 Ne4) 1/2-1/2